 Dungeon Crawl Stone Soup version 0.28-a0-1518-gbe868bca14 (webtiles) character file.

Game seed: 14067669099233919107

232139 comborobin the Brawler (level 19, -1/111 HPs)
             Began as a Barachi Delver on Jan 15, 2022.
             Was an Elder of Cheibriados.
             Slain by a thrashing horror (9 damage)
             ... on level 5 of the Abyss on Jan 16, 2022.
             The game lasted 01:16:39 (40450 turns).

comborobin the Brawler (Barachi Delver)            Turns: 40450, Time: 01:16:39

Health: -1/111     AC: 34    Str: 31 (32) XL:     19   Next: 92%
Magic:  20/27      EV: 11    Int: 17 (19) God:    Cheibriados [****..]
Gold:   734        SH: 16    Dex: 16 (17) Spells: 14/18 levels left

rFire   + . .      SeeInvis .     - Unarmed
rCold   + . .      Faith    .   G - +2 kite shield {AC+3}
rNeg    + . .      Spirit   .   Z - +0 gold dragon scales
rPois   +          Reflect  .   B - +2 hat
rElec   +          Harm     .   (no cloak)
rCorr   .          Rampage  .   j - +3 pair of gauntlets of War {Slay+5}
Will    +....      Rage     9%  I - +2 pair of boots {Stlth+}
Stlth   .......... Rnd*Tele +   J - amulet of Aguobeck {rN+ Regen+ Str+7 Dex-3}
HPRegen 0.00/turn               x - ring of Qesil {MP+9 AC+4}
MPRegen 0.20/turn               F - ring of the Burgomaster {rElec rPois}

@: mighty, unable to hop, on berserk cooldown, sick, inhibited regen, slowed,
unable to read, very slow
A: amphibious, slowness 1, strong legs 2, +LOS, poison resistance, [berserk 3],
[clumsy 2], [deformed body], [deterioration 2], [dopey 2], [frail 3], [low mp
3], [screaming 2], [inhibited regeneration], [teleportitis 2], [weak 2], [no
potion heal 2], [subdued magic 3], [inability to read while threatened]
a: Hop, Renounce Religion, Bend Time, Temporal Distortion, Slouch


You were on level 5 of the Abyss.
You worshipped Cheibriados.
Cheibriados was greatly pleased with you.
You visited 6 branches of the dungeon, and saw 31 of its levels.
You visited the Abyss 1 time.
You also visited: Bailey.

You collected 4000 gold pieces.
You spent 3266 gold pieces at shops.

Inventory:

Hand Weapons
 b - the +9 hand axe of Fortitude {vamp, rF+}
   (You took it off a spriggan air mage on level 3 of the Depths)

   It occasionally heals its wielder for a portion of the damage dealt when it
   wounds a living foe.
   rF:        It protects you from fire.
 P - a +2 glaive of flaming
Missiles
 n - 6 boomerangs (quivered)
 X - a throwing net
Armour
 j - the +3 pair of gauntlets of War (worn) {Slay+5}
   (You bought it in a shop on level 2 of the Orcish Mines)

   Slay:      It affects your accuracy & damage with ranged weapons and melee
   (+5).
 r - the +2 pair of gloves "Loekaig" {rF++ MP-9 Str+3 SInv}
   (You acquired it on level 15 of the Dungeon)

   Str:       It affects your strength (+3).
   rF:        It greatly protects you from fire.
   MP:        It affects your magic capacity (-9).
   SInv:      It lets you see invisible.
 t - a +1 kite shield of poison resistance
 y - a +2 plate armour of willpower
 z - quicksilver dragon scales
 B - a +2 hat (worn)
 G - a +2 kite shield of protection (worn)
 I - a +2 pair of boots of stealth (worn)
 N - +3 ice dragon scales
 Z - +0 gold dragon scales (worn)
Jewellery
 a - a ring of poison resistance
 d - a +6 ring of strength
 e - a +4 ring of evasion
 g - the amulet "Juefoafi" {RegenMP rElec rF+ Str-5}
   (You took it off a spriggan air mage on level 2 of the Depths)

   [amulet of magic regeneration]

   It increases your rate of magic regeneration.
   Str:       It affects your strength (-5).
   rF:        It protects you from fire.
   rElec:     It insulates you from electricity.
 h - a ring of ice
 i - an amulet of the acrobat
 q - a ring of protection from fire
 x - the ring of Qesil (left hand) {MP+9 AC+4}
   (You bought it in a shop on level 2 of the Orcish Mines)

   [ring of protection]

   AC:        It affects your AC (+4).
   MP:        It affects your magic capacity (+9).
 A - an amulet of guardian spirit
 C - an amulet of reflection
 F - the ring of the Burgomaster (right hand) {rElec rPois}
   (You bought it in a shop on level 9 of the Dungeon)

   [ring of poison resistance]

   rElec:     It insulates you from electricity.
   rPois:     It protects you from poison.
 J - the amulet of Aguobeck (around neck) {rN+ Regen+ Str+7 Dex-3}
   (You took it off a spriggan defender on level 2 of the Depths)

   [amulet of regeneration]

   Str:       It affects your strength (+7).
   Dex:       It affects your dexterity (-3).
   rN:        It protects you from negative energy.
   Regen:     It increases your rate of health regeneration.
 K - a ring of see invisible
 L - a ring of protection from cold
 Q - the ring of Feniorgh {rN+ Will+ Int+4}
   (You found it on level 1 of the Lair of Beasts)

   [ring of willpower]

   Int:       It affects your intelligence (+4).
   rN:        It protects you from negative energy.
   Will:      It increases your willpower.
 Y - the amulet "Qietinon" {RegenMP Int+4}
   (You took it off a spriggan air mage on level 2 of the Depths)

   [amulet of magic regeneration]

   It increases your rate of magic regeneration.
   Int:       It affects your intelligence (+4).
Wands
 f - a wand of digging (1)
 p - a wand of mindburst (13)
 H - a wand of charming (6)
 M - a wand of iceblast (3)
 U - a wand of flame (19)
Scrolls
 k - 5 scrolls of amnesia
 s - 8 scrolls of fear
 w - 4 scrolls of fog
 D - 15 scrolls of identify
 O - 8 scrolls of enchant weapon
 R - 3 scrolls of magic mapping
 S - a scroll of teleportation
 T - a scroll of blinking
Potions
 l - a potion of flight
 o - a potion of ambrosia
 u - 3 potions of lignification
 v - a potion of brilliance
 E - 6 potions of attraction
 V - a potion of cancellation
 W - a potion of magic


   Skills:
 - Level 16.8 Fighting
 - Level 6.0 Short Blades
 + Level 11.1 Throwing
 - Level 19.1 Armour
 - Level 10.0 Dodging
 - Level 4.5 Stealth
 - Level 15.0 Shields
 - Level 19.6 Unarmed Combat
 - Level 10.0 Invocations


You had 14 spell levels left.
You knew the following spells:

 Your Spells              Type           Power      Damage    Failure   Level
A - Apportation           Tloc           0%         N/A       97%         1
G - Ignite Poison         Fire/Tmut/Pois 0%         N/A       100%        3

Your spell library contained the following spells:

 Spells                   Type           Power      Damage    Failure   Level
 Animate Skeleton         Necr           0%         N/A       97%         1
 Pain                     Necr           0%         1d4       97%         1
 Summon Small Mammal      Summ           0%         N/A       97%         1
 Static Discharge         Conj/Air       0%         N/A       99%         2
 Sublimation of Blood     Necr           0%         N/A       99%         2
 Call Canine Familiar     Summ           0%         N/A       100%        3
 Conjure Flame            Conj/Fire      0%         6-21      100%        3
 Dazzling Flash           Conj/Hex       0%         N/A       100%        3
 Inner Flame              Hex/Fire       0%         N/A       100%        3
 Mephitic Cloud           Conj/Pois/Air  0%         N/A       100%        3
 Portal Projectile        Hex/Tloc       0%         N/A       100%        3
 Fulminant Prism          Conj/Hex       0%         3d6       100%        4
 Hailstorm                Conj/Ice       0%         3d3       100%        4
 Ice Form                 Ice/Tmut       0%         N/A       100%        4
 Iskenderun's Mystic Bla  Conj/Tloc      0%         2d3       100%        4
 Leda's Liquefaction      Hex/Erth       0%         N/A       100%        4
 Petrify                  Tmut/Erth      0%         N/A       100%        4
 Sticky Flame             Conj/Fire      0%         2d3       100%        4
 Agony                    Necr           0%         N/A       100%        5
 Alistair's Intoxication  Tmut/Pois      0%         N/A       100%        5
 Borgnjor's Vile Clutch   Necr/Erth      0%         N/A       100%        5
 Excruciating Wounds      Necr           0%         N/A       100%        5
 Fireball                 Conj/Fire      0%         3d3       100%        5
 Freezing Cloud           Conj/Ice/Air   0%         6-21      100%        5
 Irradiate                Conj/Tmut      0%         3d14      100%        5
 Iskenderun's Battlesphe  Conj           0%         2d6       100%        5
 Lee's Rapid Deconstruct  Erth           0%         3d5*      100%        5
 Metabolic Englaciation   Hex/Ice        0%         N/A       100%        5
 Conjure Ball Lightning   Conj/Air       0%         3x3d6     100%        6
 Eringya's Noxious Bog    Tmut/Pois      0%         N/A       100%        6
 Iron Shot                Conj/Erth      0%         9d1       100%        6
 Simulacrum               Ice/Necr       0%         N/A       100%        6
 Starburst                Conj/Fire      0%         6d3       100%        6
 Statue Form              Tmut/Erth      0%         N/A       100%        6
 Orb of Destruction       Conj           0%         9d5       100%        7
 Polar Vortex             Ice            0%         N/A       100%        9


Dungeon Overview and Level Annotations

Branches:
Dungeon (15/15)            Temple (1/1) D:7            Lair (6/6) D:8
 Shoals (0/4) Lair:3        Snake (0/4) Lair:4        Slime (0/5) Lair:5
    Orc (2/2) D:11            Elf (3/3) Orc:2        Vaults (0/5) D:13
 Depths (4/4) D:15         Bailey (visited)
    Zot: Depths:4

Altars:
Ashenzari
Cheibriados
Dithmenos
Elyvilon
Fedhas
Gozag
Hepliaklqana
Kikubaaqudgha
Makhleb
Nemelex Xobeh
Okawaru
Qazlal
Ru
Sif Muna
Trog
Uskayaw
Vehumet
Wu Jian
Xom
Yredelemnul
Zin
The Shining One
Beogh

Shops:
D:2 [   D:9 =   D:11 [   D:13 *   Orc:2 (=[*   Depths:1 !

Portals:
Hell: Depths:1 Depths:2 Depths:3
Abyss: Depths:3
Pandemonium: Depths:2
Ziggurat: Depths:3

Annotations:
D:6 3 runed translucent doors, squill's ghost, novice HOCj
D:8 3 runed translucent doors, shadowrider38's ghost, novice DrBr
D:12 exclusion: orange crystal statue
Lair:3 1 exclusion
Lair:4 exclusions: plant and 1 more exclusion
Depths:2 3 runed translucent doors, Cestranu's ghost, adept FoFi


Innate Abilities, Weirdness & Mutations

You are amphibious.
You cover ground slowly.
You can hop long distances.
You have an extended range of vision and can be seen from far away.
Your system is resistant to poisons. (rPois)
[You have an uncontrollable temper.]
[You are very clumsy. (Dex -4)]
[Armour fits poorly on your strangely shaped body.]
[Your body often deteriorates upon taking damage.]
[You are very dopey. (Int -4)]
[You are extremely frail. (-30% HP)]
[Your magical capacity is extremely low. (-30% MP)]
[You frequently scream uncontrollably at your foes.]
[You do not regenerate when monsters are visible.]
[You are sometimes teleported next to monsters.]
[You are very weak. (Str -4)]
[Potions cannot restore your health.]
[Your spells are much easier to cast, but much less powerful.]
[You sometimes lose the ability to read scrolls when taking damage.]


Message History

The green very ugly thing is heavily wounded.
You feel ill.
Unknown command.
Unknown command.
You hit the green very ugly thing.
The green very ugly thing is heavily wounded.
Something tramples you but does no damage. x2
The green very ugly thing trunk-slaps you!
* * * LOW HITPOINT WARNING * * *
Something tramples you but does no damage. x2
The wretched star pulses with an eldritch light!
Your system partially rejects the healing effects of potions.
Your system completely rejects the healing effects of potions.
Unknown command.
You completely miss the green very ugly thing.
The green very ugly thing is heavily wounded.
Something tramples you but does no damage. x2
The green very ugly thing trunk-slaps you but does no damage.
Something tramples you but does no damage. x2
Unknown command.
Unknown command.
Unknown command.
You barely miss the green very ugly thing.
The green very ugly thing is heavily wounded.
You block the green very ugly thing's attack.
Unknown command.
You punch the green very ugly thing!
The green very ugly thing is severely wounded.
Something tramples you but does no damage. x2
A starcursed mass splits.
The brown very ugly thing basks in the mutagenic energy from its kin and changes!
You beat the green very ugly thing into a bloody pulp!!!
You kill the green very ugly thing!
That felt strangely unrewarding.
You are no longer berserk.
You are exhausted.
You feel yourself slow down.
You hear an angry buzzing noise.
Something tramples you!
You die...

.###†##
#†# #.
...# ..
#.X.#
..
##Xt##
#.##
#.#{X
...
###{{.
..# #X#
#*##
#{#†u*#
##@#
###


You could see 3 starcursed masses, a green very ugly thing, 2 wretched stars, an
apocalypse crab (slow) and a thrashing horror (paralysed).

Vanquished Creatures
  2 caustic shrikes (Depths:3)
  5 golden dragons
  the Enchantress (Depths:2)
  3 liches
  A Hell Sentinel (Abyss:3)
  Asterion (Elf:1)
  3 deep elf blademasters
  A walking frostbound tome (Depths:3)
  A deep elf master archer (Elf:2)
  A quicksilver dragon (Depths:3)
  2 titans (Depths:3)
  3 tentacled starspawn
  A tengu reaver (Depths:3)
  3 storm dragons (Depths:3)
  9 fire giants
  A cacodemon (Abyss:3)
  A deep elf sorcerer (Elf:3)
  2 orc warlords
  3 frost giants
  A deep elf elementalist (Elf:3)
  An iron dragon (Depths:3)
  Louise (Depths:3)
  6 spriggan defenders (Depths:2)
  A caustic shrike zombie (Abyss:4)
  A caustic shrike skeleton (Abyss:3)
  7 stone giants
  4 vampire knights
  Nessos (Lair:5)
  14 very ugly things
  5 deep elf annihilators
  A deep elf demonologist (Elf:3)
  A dire elephant (D:15)
  A merfolk impaler (D:15)
  2 deep elf death magi (Elf:2)
  9 ettins
  5 fire dragons
  Snorg (D:11)
  Harold (D:11)
  A green death (Abyss:3)
  Josephine (D:11)
  2 deep elf high priests (Elf:3)
  3 ice dragons
  7 great orbs of eyes
  8 rakshasas
  6 spriggan air magi
  9 hydras
  Fannar (D:11)
  A boulder beetle (D:12)
  8 centaur warriors
  29 dancing weapons
  4 two-headed ogres
  A two-headed ogre (shapeshifter) (Depths:3)
  16 death yaks
  6 deep troll earth magi
  6 deep troll shamans
  7 tengu warriors
  9 thrashing horrors (Abyss:3)
  4 hell knights
  3 spriggan berserkers
  2 soul eaters (Depths:3)
  3 orc high priests
  A sun demon (Depths:3)
  14 deep elf knights
  5 wretched stars
  A fire crab (shapeshifter) (Elf:1)
  A skeletal warrior (D:12)
  3 iron trolls
  A spatial maelstrom (Abyss:4)
  A sixfirhy (Abyss:3)
  A shadow demon (Depths:2)
  3 flayed ghosts
  13 deep trolls
  3 glowing orange brains
  4 lindwurms (D:10)
  4 wizards
  Pikel (D:7)
  26 deep elf zephyrmancers
  A necromancer (Depths:1)
  21 deep elf pyromancers
  8 deep elf archers
  2 orc knights
  A mana viper (shapeshifter) (Abyss:3)
  2 wolf spiders (Lair:6)
  6 orc sorcerers
  A manticore (D:13)
  10 ugly things
  11 elephants
  A moth of wrath (shapeshifter) (Abyss:3)
  5 cyclopes
  A worldbinder (Abyss:3)
  2 salamanders
  A guardian serpent (Lair:6)
  14 black mambas
  A smoke demon (Abyss:3)
  A guardian serpent (shapeshifter) (Depths:2)
  2 rust devils
  An eye of devastation (Abyss:3)
  A hellion (Abyss:5)
  13 cane toads
  2 gargoyles
  2 unseen horrors
  6 rime drakes
  5 komodo dragons
  2 efreet
  A komodo dragon (shapeshifter) (D:14)
  3 ancient zymes
  A spriggan zombie (Depths:1)
  3 ice devils
  2 tengu conjurers
  A freezing wraith (D:12)
  A demonic crawler (Abyss:4)
  2 meliai (Abyss:5)
  5 trolls
  2 merfolk
  A queen bee (Abyss:5)
  A shadow dragon simulacrum (Depths:1)
  3 burning bushes (Lair:2)
  A polar bear (Lair:3)
  6 slime creatures
  Grinder (D:5)
  5 hornets
  5 blink frogs (Abyss:3)
  6 raiju
  3 spriggans
  3 air elementals
  6 large abominations
  6 wraiths
  28 yaks
  3 shadows (D:11)
  6 water elementals
  19 wyverns
  A golden eye (shapeshifter) (Elf:2)
  3 redbacks (Lair:6)
  5 basilisks
  2 fire elementals
  5 neqoxecs
  A naga (Lair:4)
  2 chaos spawn (Abyss:3)
  4 vampire mosquitoes (D:13)
  2 steam dragons
  Menkaure (D:7)
  4 wargs
  12 small abominations
  19 water moccasins
  An acid dragon (D:11)
  A sky beast (D:7)
  27 orc warriors
  2 black bears
  A spriggan simulacrum (Depths:1)
  A necrophage (D:7)
  5 ogres
  4 wolves
  20 centaurs
  2 kobold brigands
  10 bullfrogs
  3 scorpions
  2 earth elementals
  A troll zombie (D:11)
  A hornet simulacrum (D:15)
  3 killer bees (D:9)
  6 electric eels
  7 howler monkeys
  10 wights
  6 centaur zombies
  A bullfrog zombie (D:5)
  2 centaur skeletons
  11 hounds
  29 starcursed masses
  12 orc priests
  5 iguanas
  2 jellies
  Jessica (D:3)
  A bullfrog skeleton (D:4)
  4 hell rats
  23 orc wizards
  7 ogre zombies (D:11)
  2 hound zombies (D:5)
  2 howler monkey zombies
  8 adders
  12 gnolls
  4 white imps
  4 worms
  A dart slug (D:2)
  53 orcs
  6 bats
  7 endoplasms
  3 giant cockroaches
  5 goblins
  7 hobgoblins
  9 jackals (D:2)
  5 quokkas
  5 ball pythons
  A frilled lizard (D:2)
  3 goblin skeletons (D:11)
  A goblin zombie (D:11)
  A hobgoblin skeleton (D:11)
  3 hobgoblin zombies (D:11)
  14 kobolds
  3 orc skeletons (D:11)
  14 orc zombies (D:11)
  7 rats
  6 starspawn tentacles
1031 creatures vanquished.

Vanquished Creatures (collateral kills)
  A fire giant (Depths:3)
  An iron dragon (Depths:3)
  A stone giant (Depths:3)
  A deep troll shaman (Depths:3)
  A deep troll earth mage (Depths:3)
  3 deep trolls (Depths:3)
  A flayed ghost (Depths:3)
  2 wolves (Lair:5)
  2 jellies (Lair:5)
  A hell rat (Lair:5)
14 creatures vanquished.

Vanquished Creatures (others)
  2 deep elf knights
  A deep elf zephyrmancer (Elf:2)
  A deep elf pyromancer (Elf:1)
  A centaur (D:15)
  39 fungi
  A lurking horror (Abyss:5)
  55 plants
  3 starspawn tentacles
103 creatures vanquished.

Grand Total: 1148 creatures vanquished

Notes
Turn   | Place    | Note
-------+----------+-------------------------------------------
     0 | D:5      | comborobin the Barachi Delver began the quest for the Orb.
     0 | D:5      | Reached XP level 1. HP: 18/18 MP: 1/1
    16 | D:5      | Noticed an ogre
    16 | D:5      | Noticed a howler monkey
    17 | D:5      | Noticed a scorpion
    21 | D:5      | Noticed a water moccasin
    24 | D:5      | Identified the +3 dagger of Tender Mercy {venom, Str+2
                  | Dex+3}
    62 | D:4      | Noticed an iguana
    98 | D:4      | Noticed an iguana
   108 | D:4      | Killed an iguana
   109 | D:4      | Reached skill level 1 in Short Blades
   109 | D:4      | Reached skill level 1 in Armour
   109 | D:4      | Reached XP level 2. HP: 11/25 MP: 2/2
   109 | D:4      | Reached XP level 3. HP: 13/30 MP: 3/3
   397 | D:4      | Found a glowing golden altar of the Shining One.
   485 | D:4      | Noticed an ogre
   503 | D:4      | Killed an ogre
   504 | D:4      | Reached XP level 4. HP: 20/37 MP: 4/4
   542 | D:4      | Reached XP level 5. HP: 18/43 MP: 5/5
   954 | D:4      | Noticed a centaur
   989 | D:4      | Killed a centaur
   990 | D:4      | Reached XP level 6. HP: 24/49 MP: 6/6
  1771 | D:5      | Killed a water moccasin
  1772 | D:5      | Reached XP level 7. HP: 49/55 MP: 7/7
  1788 | D:4      | Reached skill level 5 in Fighting
  1918 | D:5      | Noticed Grinder
  1987 | D:5      | You fall into a shaft and drop 1 floor!
  2008 | D:6      | Reached skill level 5 in Armour
  2144 | D:6      | Reached skill level 5 in Short Blades
  2305 | D:6      | Reached XP level 8. HP: 63/63 MP: 8/8
  2629 | D:6      | Found a runed translucent gate.
  2630 | D:6      | Found a runed translucent gate.
  2631 | D:6      | Found a runed translucent gate.
  2633 | D:6      | Found an opulent altar of Gozag.
  2634 | D:6      | Noticed a shadow
  2636 | D:6      | Noticed squill's ghost (novice HOCj)
  2636 | D:6      | Noticed a wraith
  3123 | D:6      | Reached skill level 5 in Dodging
  3407 | D:7      | Noticed Menkaure
  3411 | D:7      | Killed Menkaure
  3424 | D:7      | Reached XP level 9. HP: 18/71 MP: 9/9
  3679 | D:7      | Found a staircase to the Ecumenical Temple.
  3750 | Temple   | Entered the Ecumenical Temple
  3991 | D:5      | Killed Grinder
  4633 | D:5      | Got the Handbook of Destructive Heat
  4689 | D:5      | Found a shimmering altar of Xom.
  5101 | D:3      | Noticed Jessica
  5110 | D:3      | Killed Jessica
  5384 | D:3      | Found a faded altar of an unknown god.
  6094 | D:2      | Found Daduech's Antique Armour Shoppe.
  6145 | D:2      | Found a shimmering altar of Xom.
  6400 | D:2      | Learned a level 3 spell: Ignite Poison
  7191 | D:7      | Found a glowing silver altar of Zin.
  7191 | D:7      | Found a white marble altar of Elyvilon.
  7313 | D:7      | Found a broken altar of Ashenzari.
  7485 | D:8      | Found a runed translucent gate.
  7490 | D:8      | Found a runed translucent gate.
  7491 | D:8      | Found a runed translucent gate.
  7491 | D:8      | Noticed shadowrider38's ghost (novice DrBr)
  7502 | D:8      | Noticed Pikel
  7533 | D:7      | Killed Pikel
  7534 | D:7      | Reached skill level 10 in Armour
  7534 | D:7      | Reached XP level 10. HP: 54/80 MP: 10/10
  7927 | D:8      | Reached skill level 5 in Unarmed Combat
  8087 | D:8      | Found a staircase to the Lair.
  9358 | D:9      | Found a flagged portal.
  9383 | Bailey   | Entered a bailey
  9931 | Bailey   | Gained mutation: Your skin changes colour to match your
                  | surroundings (Stealth+). [potion of mutation]
  9931 | Bailey   | Gained mutation: You expend magic power (3 MP) to
                  | strengthen your wands. [potion of mutation]
 10079 | D:9      | HP: 3/78 [orc warrior (12)]
 10175 | D:9      | Found a hide-covered altar of Uskayaw.
 10184 | D:9      | Found a burning altar of Makhleb.
 10440 | D:9      | Reached XP level 11. HP: 61/86 MP: 9/11
 10519 | D:9      | Found Nof Jog's Jewellery Shoppe.
 10810 | D:2      | Bought a glowing plate armour for 468 gold pieces
 10905 | D:10     | Entered Level 10 of the Dungeon
 10915 | D:10     | Paralysed by a hornet for 2 turns
 10985 | D:10     | Noticed a lindwurm
 10985 | D:10     | Noticed a lindwurm
 10990 | D:10     | Noticed a lindwurm
 10991 | D:10     | Noticed a lindwurm
 11036 | D:10     | Killed a lindwurm
 11039 | D:10     | Killed a lindwurm
 11043 | D:10     | Killed a lindwurm
 11047 | D:10     | Killed a lindwurm
 11172 | D:10     | Noticed a two-headed ogre
 11191 | D:10     | Killed a two-headed ogre
 11241 | D:10     | Noticed a two-headed ogre
 11274 | D:10     | Killed a two-headed ogre
 11378 | D:10     | Found a snail-covered altar of Cheibriados.
 11390 | D:10     | Became a worshipper of Cheibriados the Contemplative
 11416 | D:10     | Noticed a two-headed ogre
 11439 | D:10     | Killed a two-headed ogre
 11504 | D:10     | Reached skill level 5 in Shields
 11795 | D:11     | Found an ancient bone altar of Kikubaaqudgha.
 11819 | D:11     | Noticed Fannar
 11848 | D:11     | Noticed Harold
 11927 | D:11     | Killed Fannar
 12250 | D:11     | Noticed Josephine
 12532 | D:12     | Reached skill level 1 in Invocations
 12648 | D:12     | Noticed a boulder beetle
 12650 | D:12     | Noticed a cyclops
 12667 | D:12     | Killed a cyclops
 12668 | D:12     | Reached XP level 12. HP: 62/97 MP: 11/13
 12684 | D:12     | Killed a boulder beetle
 12884 | D:12     | Learned a level 1 spell: Apportation
 12981 | D:12     | Identified the +6 dagger of the Spider {flame, MP+9 Str+6
                  | Dex+7} (You found it on level 12 of the Dungeon)
 13274 | D:12     | Noticed a death knight
 13287 | D:12     | a death knight changed into a salamander
 13337 | D:12     | Reached * piety under Cheibriados
 13531 | Lair:1   | Entered Level 1 of the Lair of Beasts
 13696 | Lair:1   | Identified the ring of Feniorgh {rN+ Will+ Int+4}
 13739 | Lair:1   | Identified the +3 spear "Jucua" {vorpal, rN+ Stlth+}
 13912 | Lair:1   | Noticed a five-headed hydra
 13930 | Lair:1   | Killed a one-headed hydra
 13977 | Lair:1   | Reached skill level 10 in Shields
 14558 | Lair:2   | Noticed a four-headed hydra
 14591 | Lair:1   | Killed a one-headed hydra
 14591 | Lair:1   | Reached ** piety under Cheibriados
 14991 | Lair:2   | Reached skill level 10 in Unarmed Combat
 15275 | Lair:2   | Found a sacrificial altar of Ru.
 15653 | Lair:3   | Gained mutation: You can hop long distances. [Barachi
                  | growth]
 15653 | Lair:3   | Reached XP level 13. HP: 103/103 MP: 16/16
 15779 | Lair:3   | Found a sacrificial altar of Ru.
 16074 | Lair:3   | Reached *** piety under Cheibriados
 16801 | Lair:3   | Found a staircase to the Shoals.
 17096 | Lair:4   | Found a staircase to the Snake Pit.
 17499 | Lair:4   | Reached **** piety under Cheibriados
 17685 | Lair:5   | Noticed Nessos
 17685 | Lair:5   | Found a staircase to the Slime Pits.
 18067 | Lair:5   | Killed Nessos
 18068 | Lair:5   | Reached skill level 15 in Unarmed Combat
 18208 | Lair:5   | Identified a scroll of acquirement
 18208 | Lair:5   | Acquired 251 gold pieces
 18312 | Lair:5   | Reached XP level 14. HP: 83/109 MP: 17/17
 18588 | Lair:6   | Entered Level 6 of the Lair of Beasts
 18664 | Lair:6   | Reached ***** piety under Cheibriados
 18786 | Lair:6   | Reached skill level 10 in Fighting
 19342 | Lair:6   | Identified the +0 ring mail of Onu Ypt {*Corrode +Inv rF+
                  | rN+}
 19395 | Lair:6   | Reached ****** piety under Cheibriados
 19741 | Lair:6   | Reached skill level 5 in Invocations
 20172 | D:11     | Killed Josephine
 20236 | D:11     | Found Liusutt's Antique Armour Shoppe.
 20320 | D:11     | Reached XP level 15. HP: 117/117 MP: 18/18
 20361 | D:11     | Found a staircase to the Orcish Mines.
 20390 | D:11     | Bought an embroidered hat for 140 gold pieces
 20415 | D:11     | Noticed Snorg
 20431 | D:11     | Killed Snorg
 20787 | D:13     | Found a gate to the Vaults.
 21311 | D:12     | Found the +8 frozen axe "Frostbite" {freezing cloud, *Noise
                  | Fly rC+}
 21799 | D:13     | Found Neis's Assorted Antiques.
 22656 | D:14     | Found a broken altar of Ashenzari.
 23086 | D:14     | Reached skill level 10 in Dodging
 23274 | D:15     | Entered Level 15 of the Dungeon
 23415 | D:15     | Acquired the +2 pair of gloves "Loekaig" {rF++ MP-9 Str+3
                  | SInv}
 23540 | D:15     | Found a staircase to the Depths.
 24126 | Depths:1 | Entered Level 1 of the Depths
 24277 | Orc:1    | Entered Level 1 of the Orcish Mines
 24299 | Orc:1    | Noticed an orc warlord
 24317 | Orc:1    | Killed an orc warlord
 24501 | Orc:1    | Found a dark tunnel.
 24732 | Orc:1    | ffs
 24757 | Orc:2    | Entered Level 2 of the Orcish Mines
 24767 | Orc:2    | Found Hojyfih's General Store.
 25252 | Orc:2    | Found Apiveb's Jewellery Shoppe.
 25300 | Orc:2    | Found a staircase to the Elven Halls.
 25325 | Orc:2    | Noticed an orc warlord
 25338 | Orc:2    | Paralysed by an orc sorcerer for 6 turns
 25523 | Orc:2    | Found Pittufol's Antique Weapon Emporium.
 25599 | Orc:2    | Found Qutwaef's Antique Armour Shop.
 25894 | Orc:2    | Bought the ring of Qesil {MP+9 AC+4} for 866 gold pieces
 25904 | Elf:1    | Entered Level 1 of the Elven Halls
 26167 | D:15     | Reached XP level 16. HP: 113/127 MP: 21/21
 27328 | Depths:1 | Noticed a lich
 27385 | Depths:1 | Found a hide-covered altar of Uskayaw.
 27759 | Depths:1 | Killed a lich
 27835 | Depths:1 | Reached skill level 15 in Armour
 27913 | Depths:1 | Paralysed by a great orb of eyes for 2 turns
 27983 | Depths:1 | Found Kugg's Distillery.
 28061 | Depths:1 | Found a gateway to Hell.
 28445 | Depths:2 | Found a runed translucent gate.
 28445 | Depths:2 | Found a runed translucent gate.
 28445 | Depths:2 | Found a runed translucent gate.
 28506 | Depths:2 | Paralysed by a vampire knight for 3 turns
 28654 | Depths:2 | Reached skill level 10 in Invocations
 28982 | Depths:2 | Reached XP level 17. HP: 106/138 MP: 24/24
 28989 | Depths:2 | Paralysed by a great orb of eyes for 5 turns
 29025 | Depths:2 | Noticed the Enchantress
 29029 | Depths:2 | Killed the Enchantress
 29030 | Depths:2 | Reached skill level 15 in Shields
 29136 | Depths:2 | Noticed an Ice Fiend
 29173 | Depths:2 | Noticed Cestranu's ghost (adept FoFi)
 29289 | Depths:2 | Found a one-way gate leading to the halls of Pandemonium.
 29554 | Depths:2 | Noticed a golden dragon
 29570 | Depths:2 | Killed a golden dragon
 29651 | Depths:2 | Identified the amulet "Qietinon" {RegenMP Int+4}
 29660 | Depths:2 | Identified the amulet "Ecush" {Acrobat +Blink Will+}
 29672 | Depths:2 | Reached skill level 15 in Fighting
 29721 | Depths:2 | Identified the amulet of Aguobeck {rN+ Regen+ Str+7 Dex-3}
 29939 | Depths:2 | Identified the amulet "Juefoafi" {RegenMP rElec rF+ Str-5}
 30213 | Depths:2 | Noticed a golden dragon
 30227 | Depths:2 | Killed a golden dragon
 30334 | Depths:2 | Identified the ring "Fyarghef" {Fire Str+7 Int-3 Dex+4}
 30853 | Depths:4 | Entered Level 4 of the Depths
 30929 | Depths:3 | Paralysed by a great orb of eyes for 2 turns
 30931 | Depths:3 | Paralysed by a great orb of eyes for 4 turns
 31027 | Depths:3 | Noticed a golden dragon
 31039 | Depths:3 | Killed a golden dragon
 31158 | Depths:3 | Found a one-way gate to the infinite horrors of the Abyss.
 31161 | Depths:3 | Noticed Louise
 31171 | Depths:3 | Noticed a walking frostbound tome
 31177 | Depths:3 | Killed Louise
 31178 | Depths:3 | Reached XP level 18. HP: 113/150 MP: 25/25
 31181 | Depths:3 | Killed a walking frostbound tome
 31198 | Depths:3 | Paralysed by a great orb of eyes for 5 turns
 31392 | Depths:3 | Found a one-way gateway to a ziggurat.
 31756 | Orc:2    | Bought the +3 pair of gauntlets of War {Slay+5} for 1282
                  | gold pieces
 31756 | Orc:2    | Found the +3 pair of gauntlets of War {Slay+5}
 32034 | Depths:3 | Noticed a lich
 32034 | Depths:3 | Noticed a golden dragon
 32050 | Depths:3 | Killed a golden dragon
 32057 | Depths:3 | Killed a lich
 32097 | Depths:3 | Noticed a golden dragon
 32102 | Depths:3 | Identified the +9 hand axe of Fortitude {vamp, rF+}
 32380 | Depths:3 | Noticed a titan
 32501 | Depths:3 | Killed a golden dragon
 32939 | Depths:3 | Noticed a quicksilver dragon
 32939 | Depths:3 | Noticed a caustic shrike
 32939 | Depths:3 | Noticed a caustic shrike
 32947 | Depths:3 | Noticed a titan
 32949 | Depths:3 | Killed a caustic shrike
 32949 | Depths:3 | Killed a quicksilver dragon
 32955 | Depths:3 | Killed a titan
 32959 | Depths:3 | Killed a caustic shrike
 32960 | Depths:3 | Killed a titan
 33611 | Depths:3 | Upgraded the game from 0.28-a0-1510-gd0f6b136d3 to
                  | 0.28-a0-1518-gbe868bca14
 34296 | Elf:1    | Reached XP level 19. HP: 152/159 MP: 26/26
 35474 | Elf:1    | Noticed Asterion
 35498 | Elf:1    | Killed Asterion
 35499 | Elf:1    | Reached skill level 1 in Throwing
 36140 | Elf:1    | Paralysed by an air elemental for 1 turns
 36516 | Elf:2    | Reached skill level 5 in Throwing
 36942 | Elf:2    | Found a runed translucent gate.
 36942 | Elf:2    | Found a runed translucent gate.
 36943 | Elf:2    | Found a runed translucent gate.
 38053 | D:9      | Lost mutation: You expend magic power (3 MP) to strengthen
                  | your wands. [potion of mutation]
 38053 | D:9      | Lost mutation: Your skin changes colour to match your
                  | surroundings (Stealth+). [potion of mutation]
 38053 | D:9      | Gained mutation: Your mind is acute. (Int +2) [potion of
                  | mutation]
 38053 | D:9      | Gained mutation: Your natural rate of healing is unusually
                  | fast. [potion of mutation]
 38054 | D:9      | Bought the ring of the Burgomaster {rElec rPois} for 510
                  | gold pieces
 38104 | D:11     | Killed Harold
 38373 | Elf:2    | Paralysed by an air elemental for 1 turns
 38526 | Elf:2    | Identified the +1 robe of Muttered Phrases {rElec Str-2
                  | SInv Stlth-}
 38887 | Elf:3    | Entered Level 3 of the Elven Halls
 38921 | Elf:3    | Paralysed by an air elemental for 1 turns
 38935 | Elf:3    | Reached skill level 10 in Throwing
 39030 | Elf:3    | Noticed an Ice Fiend
 39034 | Elf:3    | Noticed a Tzitzimitl
 39223 | Elf:3    | Cast into level 2 of the Abyss (a deep elf sorcerer)
 39276 | Abyss:3  | Noticed a Hell Sentinel
 39285 | Abyss:3  | Killed a Hell Sentinel
 39460 | Abyss:3  | Paralysed by accursed screaming for 1 turns
 39595 | Abyss:3  | Found a corrupted altar of Lugonu.
 39819 | Abyss:3  | Gained mutation: [You tend to lose your temper in combat.]
                  | [a neqoxec]
 39823 | Abyss:3  | Lost mutation: Your mind is acute. (Int +2) [potion of
                  | mutation]
 39823 | Abyss:3  | Lost mutation: Your natural rate of healing is unusually
                  | fast. [potion of mutation]
 39823 | Abyss:3  | Lost mutation: [You tend to lose your temper in combat.]
                  | [potion of mutation]
 39823 | Abyss:3  | Gained mutation: Your system is resistant to poisons.
                  | (rPois) [potion of mutation]
 39879 | Abyss:4  | Found a corrupted altar of Lugonu.
 40228 | Abyss:4  | Noticed a tentacled monstrosity
 40249 | Abyss:5  | Entered Level 5 of the Abyss
 40450 | Abyss:5  | Slain by a thrashing horror

Illustrated notes

.....##...#)#..###...##...##
.##...#...)))..########..#.#
.##......##.#.##.....###.###
######...###..#........###
#..###.............# #.##
##....#####...# ###
######≈≈≈##..# ##≈≈≈≈...#
#@.......# ##≈≈≈§..##
#≈≈≈#### #####


Turn 24732 on Orc:1: ffs

Levels and vault maps discovered:
D:1:      lemuel_arrival_muddy, layout_rooms
D:2:      minmay_razor_zed, layout_basic, basic_altar, serial_shops, shop,
          corexii_shack
D:3:      layout_basic, gup_sewer_entry_bowl,
          hellmonk_ecumenical_altar_slurped_away, uniq_jessica
D:4:      layout_basic, tso_metal_star
D:5:      minmay_spotlight, layout_basic, mainiacjoe_overflow_tiny_flanked,
          uniq_grinder
D:6:      layout_loops_ring, ebering_ghost_gozag
D:7:      layout_cave_pools, grunt_temple_overflow_open,
          minmay_temple_entry_enclosed_plants, uniq_menkaure
D:8:      layout_cave_pools, erik_lair_island, gammafunk_ghost_nasty_kobolds,
          uniq_pikel
D:9:      layout_gridville, mainiacjoe_overflow_large_starburst, serial_shops,
          nicolae_shop_hallway_plus, enter_bailey_7
D:10:     layout_cave_pools, slow_altar_1, minmay_lindwurm_lava
D:11:     layout_roguey, zombieorc2_lemuel, serial_shops, shop,
          kiku_gazebo_pond_becter, uniq_snorg, uniq_josephine, uniq_harold,
          uniq_fannar
D:12:     layout_layer_cave, minmay_protected_statue
D:13:     layout_irregular_city, erik_vaults_1, serial_shops, shop_fountains,
          serial_glass, glass_columns_a, glass_columns_a, glass_columns_c,
          hangedman_abyss_or_decor_lesser_grid
D:14:     layout_loops_ring, nicolae_ashenzari_skybound
D:15:     hangedman_depths_entry_try_elsewhere_first, layout_irregular_city
Temple:   eino_temple_lava
Lair:1:   layout_gridlike, dreamdust_deal_with_the_devil,
          chequers_serial_rivers_small_3
Lair:2:   layout_chaotic_city, basic_altar, evilmike_ambush
          [evilmike_ambush_outer_corners, evilmike_ambush_inner_basic],
          lemuel_fruit_fields, grunt_megastairs_5
Lair:3:   layout_loops_ring, elwin_shoals_entry_rooms, basic_altar,
          grunt_megastairs_2
Lair:4:   layout_hall_layers, guppyfry_snake_entry_garden, serial_bayou_shore_a
Lair:5:   layout_roguey, minmay_slime_entry_pillars, lookout_lair_type,
          uniq_nessos
Lair:6:   hangedman_lair_tendril_chambers, layout_misc_corridors,
          eino_small_chamber_without_monster, chequers_serial_rivers_micro_e,
          minmay_lair_drake_nest
Orc:1:    layout_diamond_mine, lightli_volcano_entry_magma_tube
Orc:2:    grunt_orc_gardens, layout_diamond_mine, grunt_orc_garden,
          grunt_orc_garden, grunt_orc_garden, grunt_orc_garden, basic_altar,
          mines1_david
Elf:1:    eino_elf_arrival_customs, layout_geoelf_octagon, minivault_28,
          nicolae_elf_w_pinch, uniq_asterion
Elf:2:    elven_hall_of_blades_hangedman_original [nicolae_blade_lattice],
          layout_geoelf_grid, uniq_louise
Elf:3:    grunt_elf_hall_asides, layout_geoelf_diagonals, minivault_15,
          amcnicky_mini_pool_small, minmay_crystal_room, library_closet,
          minmay_shop_grove
Depths:1: layout_cave_shapes, pf_coc_iceberg, serial_sigils_hangedman_shear,
          serial_shops, shop, nicolae_uskayaw_en_pointe, grunt_megastairs_3,
          serial_bayou_shore_b
Depths:2: minmay_the_grid_triangle_9x9_rhombus_thin_mashed
          [minmay_the_grid_triangle_9x9_negative_grid,
          minmay_the_grid_triangle_9x9_prize_special,
          minmay_the_grid_triangle_9x9_intruding_spiral,
          minmay_the_grid_triangle_9x9_dagger], layout_gridlike,
          rand_demon_pan_entry_1, gammafunk_ghost_icy, hell_entry,
          minmay_misc_feat_tower, minmay_misc_feat_ornament,
          kennysheep_generic_room_15, infiniplex_staircase_zigzag_2,
          uniq_enchantress
Depths:3: hangedman_box_tower, layout_cave_shapes, enter_ziggurat_b,
          hellmouth_1, grunt_decor_arrowhead,
          nicolae_abyss_entry_one_way_or_another, kennysheep_potato
Depths:4: grunt_zot_entry_hairpin, layout_cave_shapes,
          hangedman_abyss_or_decor_passed, pf_dread_powers_of_hell,
          abyss_entry_crystal, nicolae_ru_path_of_blood, uniq_frederick
Abyss:5:  base: Elf:1, grunt_abyss_rune_wretched_hive

Skill      XL: |  1  2  3  4  5  6  7  8  9 10 11 12 13 14 15 16 17 18 19 |
---------------+----------------------------------------------------------+-----
Short Blades   | 1 2 3 4 5 6 |  6.0
Armour         | 1 2 3 4 5 8 10 11 12 13 14 15 17 19 | 19.1
Fighting       | 4 5 6 8 9 10 12 13 15 16 | 16.8
Dodging        | 3 4 5 6 8 9 10 | 10.0
Unarmed Combat | 4 7 8 10 15 17 18 19 | 19.6
Shields        | 7 11 13 14 15 | 15.0
Invocations    | 2 4 5 7 10 | 10.0
Throwing       | 11 | 11.1
Stealth        | |  4.5

Action                   |  1- 3 |  4- 6 |  7- 9 | 10-12 | 13-15 | 16-18 | 19-21 || total
-------------------------+-------+-------+-------+-------+-------+-------+-------++-------
Melee: Dagger            |    10 |    61 |   496 |   679 |    11 |       |       ||  1257
       Punch             |     1 |       |    13 |    50 |       |       |       ||    64
       Unarmed           |       |       |       |   551 |  1427 |  1065 |   771 ||  3814
       Glaive            |       |       |       |    17 |     5 |       |       ||    22
Throw: Throwing net      |       |       |       |     4 |       |       |     6 ||    10
       Javelin           |       |       |       |       |       |       |    15 ||    15
 Cast: Apportation       |       |       |       |     8 |       |       |       ||     8
Invok: Slouch            |       |       |       |       |     1 |    16 |     5 ||    22
       Temporal Distorti |       |       |       |       |     3 |     4 |     2 ||     9
       Step From Time    |       |       |       |       |       |       |     1 ||     1
 Abil: Hop               |     2 |     1 |     4 |     8 |     1 |     3 |     1 ||    20
Evoke: Wand              |       |       |    11 |    25 |    13 |    10 |    10 ||    69
  Use: Scroll            |     2 |     2 |     1 |    10 |    12 |     6 |     5 ||    38
       Potion            |     1 |       |       |    19 |     5 |     6 |     7 ||    38
 Stab: Sleeping          |     1 |       |       |       |       |     1 |     3 ||     5
       Distracted        |       |     1 |       |       |     1 |     1 |     2 ||     5
       Invisible         |       |       |       |     4 |     5 |       |       ||     9
       Held in net/web   |       |       |       |     2 |       |       |     2 ||     4
Armor: Scale mail        |       |    10 |    25 |       |       |       |       ||    35
       Chain mail        |       |       |   121 |       |       |       |       ||   121
       Plate armour      |       |       |    20 |   737 |   506 |       |       ||  1263
       Robe              |       |       |       |    19 |       |       |       ||    19
       Ice dragon scales |       |       |       |       |    64 |   193 |       ||   257
       Gold dragon scale |       |       |       |       |       |   119 |   276 ||   395
       Quicksilver drago |       |       |       |       |       |    24 |   118 ||   142
Dodge: Dodged            |     2 |    42 |   343 |   722 |   908 |   604 |   365 ||  2986
Block: Tower shield      |       |       |       |   475 |  1851 |   459 |       ||  2785
       Reflection        |       |       |       |       |     3 |       |       ||     3
       Kite shield       |       |       |       |       |       |   462 |   633 ||  1095

Table legend: (Time is in decaauts)
 A = Elapsed time spent in this place.
 B = Non-inter-level travel time spent in this place.
 C = Inter-level travel time spent in this place.
 D = Time resting spent in this place.
 E = Time spent auto-exploring this place.
 F = Levels seen in this place.
 G = Mean time per level.
                   A        B        C        D        E       F      G
               +--------+--------+--------+--------+--------+-----+--------+
         Total |  60041 |  52204 |   7837 |   8472 |  30671 |  36 | 1667.8 |
       Dungeon |  25129 |  21456 |   3673 |   3017 |  13903 |  15 | 1675.3 |
        Temple |    160 |    150 |     10 |     88 |     60 |   1 |  160.0 |
          Lair |  10361 |   9506 |    855 |    883 |   6343 |   6 | 1726.8 |
  Orcish Mines |   4269 |   3031 |   1238 |    323 |   1954 |   2 | 2134.5 |
   Elven Halls |   6727 |   5723 |   1004 |   1647 |   2697 |   3 | 2242.3 |
        Depths |  11127 |  10071 |   1056 |   1866 |   5053 |   4 | 2781.8 |
         Abyss |   1591 |   1591 |      0 |    357 |    472 |   4 |  397.8 |
        Bailey |    673 |    673 |      0 |    289 |    186 |   1 |  673.0 |
               +--------+--------+--------+--------+--------+-----+--------+

Top non-repeatable levels by time:
Depths:3: 4055 daAuts
Depths:2: 3910 daAuts
    D:12: 3451 daAuts
   Elf:2: 3227 daAuts
   Elf:1: 3211 daAuts
Depths:1: 3156 daAuts
    D:15: 2744 daAuts
   Orc:2: 2687 daAuts
  Lair:6: 2197 daAuts
    D:11: 2191 daAuts
    D:13: 2188 daAuts
  Lair:3: 2145 daAuts
     D:4: 2049 daAuts
     D:8: 1860 daAuts
  Lair:1: 1706 daAuts
